 Dungeon Crawl Stone Soup version 0.28-a0-1199-gef9e1dbd39 (webtiles) character file.

Game seed: 4479249783579033574

231 SmokeWeed the Sneak (level 5, -1/25 HPs)
             Began as a Spriggan Conjurer on Dec 20, 2021.
             Slain by Pargi (3 damage)
             ... on level 3 of the Dungeon.
             The game lasted 00:11:26 (2541 turns).

SmokeWeed the Sneak (Spriggan Conjurer)             Turns: 2541, Time: 00:11:27

Health: -1/25      AC:  3    Str:  5    XL:     5   Next: 72%
Magic:  11/11      EV: 18    Int: 20    God:
Gold:   137        SH:  0    Dex: 13    Spells: 8/11 levels left

rFire   . . .      SeeInvis +   e - +1 rapier
rCold   + . .      Faith    .   (shield restricted)
rNeg    . . .      Spirit   .   a - +1 robe
rPois   .          Reflect  .   (helmet restricted)
rElec   .          Harm     .   (no cloak)
rCorr   .          Rampage  .   (gloves unavailable)
Will    .....                   (boots unavailable)
Stlth   ++........              (no amulet)
HPRegen 0.08/turn               c - ring of protection from cold
MPRegen 0.12/turn               (no ring)

@: slow
A: very small, no large weapons, unfitting armour, see invisible, speed 3
a: no special abilities


You were on level 3 of the Dungeon.
You visited 1 branch of the dungeon, and saw 3 of its levels.
You also visited: Sewer.

You collected 137 gold pieces.

Inventory:

Hand Weapons
 b - a +0 dagger
 e - a +1 rapier (weapon)
 f - a +1 short sword of freezing
Missiles
 g - 2 javelins
Armour
 a - a +1 robe (worn)
Jewellery
 c - a ring of protection from cold (left hand)
Wands
 d - a wand of polymorph (1)
Scrolls
 h - a scroll of summoning {unknown}
 i - a scroll of enchant weapon
 j - 2 scrolls of enchant armour


   Skills:
 + Level 0.5 Fighting
 + Level 3.1 Short Blades
 + Level 3.9 Dodging
 + Level 5.2 Stealth
 + Level 3.6 Spellcasting
 + Level 3.4 Conjurations


You had 8 spell levels left.
You knew the following spells:

 Your Spells              Type           Power      Damage    Failure   Level
a - Magic Dart            Conj           68%        1d6       3%          1
b - Searing Ray           Conj           34%        2d5       4%          2

Your spell library contained the following spells:

 Spells                   Type           Power      Damage    Failure   Level
 Sublimation of Blood     Necr           3%         N/A       21%         2
 Wereblood                Tmut           3%         N/A       21%         2
 Dazzling Flash           Conj/Hex       20%        N/A       21%         3
 Fulminant Prism          Conj/Hex       5%         3d7       54%         4
 Iskenderun's Mystic Bla  Conj/Tloc      10%        2d4       54%         4
 Airstrike                Air            1%         N/A       80%         4
 Summon Lightning Spire   Summ/Air       3%         N/A       80%         4
 Lightning Bolt           Conj/Air       5%         1d17      88%         5
 Summon Hydra             Summ           1%         N/A       100%        7


Dungeon Overview and Level Annotations

Branches:
Dungeon (3/15)              Sewer (visited)

Altars:

Shops:
D:2 (=?*:

Annotations:
D:3 Pargi


Innate Abilities, Weirdness & Mutations

You are very small and have problems with some larger weapons.
You are too small for most types of armour.
You have supernaturally acute eyesight. (SInv)
You cover ground extremely quickly. (Speed+++)


Message History

The ball python constricts you.
You escape the ball python's grasp.
You see here a scroll labelled LERGHUS PYZICOST.
h - a scroll labelled LERGHUS PYZICOST The ball python closely misses you.
The ball python completely misses you. The ball python closely misses you. x2
You see here a scroll of enchant weapon.
i - a scroll of enchant weapon The ball python completely misses you.
The ball python misses you.
Pargi hisses, "I bite!"
You see here a scroll of enchant armour.
j - a scroll of enchant armour The ball python closely misses you.
The ball python misses you.
You see here a scroll of enchant armour.
j - 2 scrolls of enchant armour (gained 1)
The ball python completely misses you. The ball python barely misses you.
The ball python completely misses you. The ball python barely misses you.
You hit the ball python.
You kill the ball python!
Pargi bites you. Pargi claws you but does no damage. Pargi claws you.
* * * LOW HITPOINT WARNING * * *
Pargi misses you. Pargi barely misses you. Pargi claws you but does no damage.
There is a gate leading back out of this place here.
Pargi bites you but does no damage. Pargi closely misses you. Pargi misses you.
Welcome back to the Dungeon!
There is a collapsed entrance here.
You enter the shallow water.
Moving in this stuff is going to be slow.
Pargi barely misses you. Pargi claws you but does no damage. x2
Pargi barely misses you. x3
Pargi bites you.
* * * LOW HITPOINT WARNING * * *
Pargi misses you. Pargi claws you.
* * * LOW HITPOINT WARNING * * *
Pargi misses you. Pargi closely misses you. Pargi claws you.
* * * LOW HITPOINT WARNING * * *
Pargi bites you but does no damage. Pargi claws you but does no damage.
Pargi closely misses you. Pargi bites you.
You die...

##≈######≈##..(............
#≈≈≈≈†≈#≈≈≈#####.###†##....
#≈≈≈#≈≈#≈≈≈# #+# #.# ....
##≈##≈≈##≈## #†# ####
#≈#≈≈≈≈#≈# #.# #.
#≈#≈.≈≈#≈# #.#####.
##≈##≈≈##†## +..>..+.
#≈≈≈####≈≈≈# #.#####.
#≈≈≈≈≈≈≈≈T@# #.# #.
##≈######≈## #.# #. ### ###
#.# #. ...###### #.# ###.
........# #.# #...
........# #.# #...
........# #.# #...
........####.# #...
........'....# #...


You could see Pargi.

Vanquished Creatures
  Sigmund (D:2)
  An adder (D:3)
  A worm (D:2)
  A dart slug (D:1)
  An orc (D:3)
  6 bats
  4 endoplasms
  4 giant cockroaches
  4 goblins
  3 hobgoblins (D:2)
  7 kobolds
  3 quokkas
  5 ball pythons
  10 frilled lizards
  8 rats
59 creatures vanquished.

Vanquished Creatures (others)
  A plant (D:3)
1 creature vanquished.

Grand Total: 60 creatures vanquished

Notes
Turn   | Place    | Note
-------+----------+-------------------------------------------
     0 | D:1      | SmokeWeed the Spriggan Conjurer began the quest for the
                  | Orb.
     0 | D:1      | Reached XP level 1. HP: 9/9 MP: 5/5
   141 | D:1      | Reached XP level 2. HP: 1/13 MP: 0/6
   641 | D:1      | Learned a level 2 spell: Searing Ray
  1035 | D:1      | Reached skill level 1 in Short Blades
  1094 | D:1      | Reached XP level 3. HP: 13/16 MP: 8/8
  1167 | D:2      | Found Tyhus's General Store.
  1167 | D:2      | Found Noerithul's Weapon Emporium.
  1169 | D:2      | Noticed Sigmund
  1254 | D:2      | Found Bovego's Jewellery Shop.
  1260 | D:2      | Found Hiluvupa's Magic Scroll Emporium.
  1557 | D:2      | Killed Sigmund
  1558 | D:2      | Reached skill level 5 in Stealth
  1558 | D:2      | Reached XP level 4. HP: 5/21 MP: 2/10
  1558 | D:2      | Reached XP level 5. HP: 6/25 MP: 2/11
  1816 | D:2      | Found Lyhonith's Book Emporium.
  2405 | D:3      | Found a glowing drain.
  2425 | Sewer    | Entered a sewer
  2459 | Sewer    | Noticed Pargi
  2530 | D:3      | HP: 1/25 [Pargi (1)]
  2541 | D:3      | Slain by Pargi

Illustrated notes

Levels and vault maps discovered:
D:1:      lightli_molten_gateway, layout_loops_ring,
          wander_ebering_terrifying_dragon_lair
D:2:      layout_rooms, serial_shops, shop, shop, shop,
          nicolae_shop_hallway_plus, nicolae_shop_crystal, uniq_sigmund,
          uniq_robin
D:3:      layout_basic, gup_sewer_entry_bubbles, serial_shops,
          nicolae_shop_hallway_plus, shapermc_ecumenical_altar_mp_ritualfount

Skill      XL: |  1  2  3  4  5 |
---------------+----------------+-----
Conjurations   | 3 |  3.4
Dodging        | 3 |  3.9
Spellcasting   | 3 |  3.6
Short Blades   | 1 2 3 |  3.1
Stealth        | 5 |  5.2
Fighting       | |  0.5

Action                   |  1- 3 |  4- 6 || total
-------------------------+-------+-------++-------
Melee: Dagger            |    12 |       ||    12
       Rapier            |    46 |    54 ||   100
 Cast: Magic Dart        |    16 |    27 ||    43
       Searing Ray       |     6 |     2 ||     8
  Use: Scroll            |     3 |     3 ||     6
       Potion            |     3 |       ||     3
 Stab: Sleeping          |     6 |       ||     6
Armor: Robe              |    11 |    15 ||    26
       Skin              |     3 |       ||     3
Dodge: Dodged            |    66 |    84 ||   150

Table legend: (Time is in decaauts)
 A = Elapsed time spent in this place.
 B = Non-inter-level travel time spent in this place.
 C = Inter-level travel time spent in this place.
 D = Time resting spent in this place.
 E = Time spent auto-exploring this place.
 F = Levels seen in this place.
 G = Mean time per level.
                   A        B        C        D        E       F      G
               +--------+--------+--------+--------+--------+-----+--------+
         Total |   2169 |   2169 |      0 |    731 |    792 |   4 |  542.2 |
       Dungeon |   2078 |   2078 |      0 |    731 |    792 |   3 |  692.7 |
         Sewer |     91 |     91 |      0 |      0 |      0 |   1 |   91.0 |
               +--------+--------+--------+--------+--------+-----+--------+

Top non-repeatable levels by time:
     D:1: 1150 daAuts
     D:2: 629 daAuts
     D:3: 298 daAuts
   Sewer: 91 daAuts
